 Dungeon Crawl Stone Soup version 0.30-a0-852-g08b95dd62f (webtiles) character file.

Game seed: 13460409379724566048

92 demibob the Twirler (level 4, -8/30 HPs)
             Began as a Demonspawn Wanderer on Mar 5, 2023.
             Mangled by a gnoll
             ... wielding a +0 flail
              (9 damage)
             ... on level 2 of the Dungeon.
             The game lasted 00:01:42 (1028 turns).

demibob the Twirler (Demonspawn Wanderer)           Turns: 1028, Time: 00:01:42

Health: -8/30      AC:  4    Str: 13    XL:     4   Next: 35%
Magic:  5/5        EV: 12    Int: 15    God:
Gold:   87         SH:  0    Dex: 12    Spells: 4/5 levels left

rFire   . . .      SeeInvis .    a - +0 quarterstaff (chaos)
rCold   . . .      Faith    .    (shield currently unavailable)
rNeg    . . .      Spirit   .    d - +0 robe
rPois   .          Reflect  .    b - +1 helmet
rElec   .          Rampage  .    (no cloak)
rCorr   .                        (no gloves)
Will    .....                    (no boots)
Stlth   ++                       (no amulet)
HPRegen 0.25/turn                (no ring)
MPRegen 0.09/turn                (no ring)

@: no status effects
A: demonic magic 1, weakness stinger 1
a: no special abilities


You were on level 2 of the Dungeon.
You visited 1 branch of the dungeon, and saw 2 of its levels.

You collected 87 gold pieces.


Innate Abilities, Weirdness & Mutations

Spells you cast may paralyse adjacent enemies.
You have a small tail.


   Skills:
 + Level 4.7 Staves
 - Level 1.7 Dodging
 - Level 1.0 Stealth
 - Level 1.0 Spellcasting
 - Level 1.7 Translocations
 - Level 1.2 Invocations


You had 4 spell levels left.
You knew the following spells:

 Your Spells              Type           Power      Damage    Failure   Level
a - Apportation           Tloc           12%        N/A       12%         1

Your spell library contained the following spells:

 Spells                   Type           Power      Damage    Failure   Level
 Summon Small Mammal      Summ           0%         N/A       24%         1
 Momentum Strike          Conj/Tloc      6%         3d8       26%         2
 Portal Projectile        Hex/Tloc       6%         N/A       45%         3
 Call Canine Familiar     Summ           0%         N/A       58%         3
 Summon Guardian Golem    Hex/Summ       0%         N/A       58%         3

Inventory:

Hand Weapons
 a - a +0 quarterstaff of chaos (weapon)
Armour
 b - a +1 helmet (worn)
 d - a +0 robe (worn)
 g - a +0 cloak of willpower
Scrolls
 c - a scroll of blinking
 e - a scroll of fear
 h - a scroll of immolation {unknown}
 k - a scroll of silence {unknown}
 m - a scroll of noise {unknown}
 n - a scroll of poison {unknown}
Potions
 f - a potion of ambrosia {unknown}
 i - a potion of magic {unknown}
 j - a potion of berserk rage {unknown}
 l - a potion of haste {unknown}
 o - a potion of curing {unknown}

Dungeon Overview and Level Annotations

Branches:
Dungeon (2/15)

Altars:

##........## #.. ########..##
####.. ##..###....#
##..#..#... ####.......#
##### ####..........#
...############.......####..#
# ###.#.......##...##.####
##.# #.##.....#.....g@...#..#
###..
#...>#.....########...##
#...# .......##..### ##..##
#.### ....)g.###...# ##...###
#.# # .......# #####
#..#...####.# .......#
#.####.##...# ......##
#.####.##.### ##...##
#.##........### ####
#.#..######....


You could see a gnoll (agile).


Message History

The gnoll is severely wounded.
The gnoll hits you with a +0 club.
* * * LOW HITPOINT WARNING * * *
You hit the gnoll.
You kill the gnoll!
You closely miss the gnoll. The gnoll hits you but does no damage.
You hit the gnoll.
The gnoll is heavily wounded.
The gnoll hits you with a +0 whip.
* * * LOW HITPOINT WARNING * * *
You hit the gnoll but do no damage.
The gnoll is heavily wounded.
The gnoll misses you.
You hit the gnoll but do no damage.
The gnoll is poisoned.
The gnoll is heavily wounded.
The gnoll closely misses you. The gnoll hits you but does no damage.
You hit the gnoll. You freeze the gnoll.
You kill the gnoll!
You closely miss the gnoll. You tail-slap the gnoll.
The gnoll is moderately wounded.
The gnoll hits you with a +0 flail!
* * * LOW HITPOINT WARNING * * *
You hit the gnoll.
The gnoll suddenly seems more agile.
The gnoll is heavily wounded.
The gnoll hits you with a +0 flail.
* * * LOW HITPOINT WARNING * * *
You barely miss the gnoll. You tail-slap the gnoll.
The gnoll is almost dead.
The gnoll hits you with a +0 flail!
You die...

Skill      XL: |  1  2  3 |
---------------+----------+-----
Staves         | 3 4 |  4.7
Dodging        | |  1.7
Stealth        | |  1.0
Spellcasting   | |  1.0
Translocations | |  1.7
Invocations    | |  1.2

Action                     |  1- 3 |  4- 6 || total
---------------------------+-------+-------++-------
  Melee: Quarterstaff      |   129 |    15 ||   144
         Tailslap          |     2 |     2 ||     4
    Use: Scroll            |     3 |       ||     3
   Stab: Sleeping          |     1 |       ||     1
 Armour: Robe              |    51 |     5 ||    56
  Dodge: Dodged            |   100 |     5 ||   105

Levels and vault maps discovered:
D:1:      shiori_arrival_maze, layout_rooms, minmay_lizard_king
D:2:      layout_rooms

Notes
Turn   | Place    | Note
-------+----------+-------------------------------------------
     0 | D:1      | demibob the Demonspawn Wanderer began the quest for the
                  | Orb.
     0 | D:1      | demibob set off with the following items: a +0
                  | quarterstaff, a +0 helmet, a scroll of blinking, a +0 robe;
                  | and the following spell memorised: Apportation; and the
                  | following spells available to memorise: Momentum Strike,
                  | Portal Projectile.
     0 | D:1      | Reached XP level 1. HP: 13/13 MP: 2/2
    45 | D:1      | Reached skill level 3 in Staves
    56 | D:1      | Gained mutation: Spells you cast may paralyse adjacent
                  | enemies. [demonic ancestry]
    56 | D:1      | Reached XP level 2. HP: 13/19 MP: 3/3
   180 | D:1      | Gained mutation: You have a small tail. [demonic ancestry]
   180 | D:1      | Reached XP level 3. HP: 18/24 MP: 4/4
   359 | D:1      | Reached skill level 4 in Staves
  1001 | D:2      | Reached XP level 4. HP: 21/30 MP: 5/5
  1026 | D:2      | HP: 3/30 [gnoll/+0 flail (7)]
  1027 | D:2      | HP: 1/30 [gnoll/+0 flail (2)]
  1028 | D:2      | Mangled by a gnoll

Vanquished Creatures
  4 gnolls
  A dart slug (D:1)
  6 bats
  3 endoplasms
  2 giant cockroaches (D:1)
  2 goblins
  4 hobgoblins
  5 jackals (D:1)
  4 kobolds (D:1)
  A quokka (D:2)
  6 ball pythons
  8 frilled lizards
  4 rats
50 creatures vanquished.

Vanquished Creatures (others)
  6 plants (D:1)
6 creatures vanquished.

Grand Total: 56 creatures vanquished

Table legend: (Time is in decaauts)
 A = Elapsed time spent in this place.
 B = Non-inter-level travel time spent in this place.
 C = Inter-level travel time spent in this place.
 D = Time resting spent in this place.
 E = Time spent auto-exploring this place.
 F = Levels seen in this place.
 G = Mean time per level.
                   A        B        C        D        E       F      G
               +--------+--------+--------+--------+--------+-----+--------+
         Total |   1043 |   1035 |      8 |    143 |    598 |   2 |  521.5 |
       Dungeon |   1043 |   1035 |      8 |    143 |    598 |   2 |  521.5 |
               +--------+--------+--------+--------+--------+-----+--------+

Top non-repeatable levels by time:
     D:1: 665 daAuts
     D:2: 378 daAuts

Table legend:
 A = Non-vault XP
 B = Vault XP
 C = Vault XP percentage of total XP
 D = Non-vault monster count
 E = Vault monster count
 F = Vault count percentage of total count
                 A         B        C        D         E       F
            +---------+---------+-------+---------+---------+-------
      Total |     110 |      22 |  16.7 |      42 |       8 |  16.0
            +---------+---------+-------+---------+---------+-------
        D:1 |      48 |      22 |  31.4 |      27 |       8 |  22.9
        D:2 |      62 |       0 |   0.0 |      15 |       0 |   0.0
            +---------+---------+-------+---------+---------+-------
